3AA
BILLINGS POLAR BEARS @ SALEM MISFITS
09/16/2020
 
TOP OF THE 1ST
Billings Polar Bears batting - Pitching for Salem Misfits : RHP Jim Unknown
Pitching: RHP Jim Unknown
Batting: RHB Clarros Ramada 0-0: Ball
1-0: SINGLE (Groundball, 6MD)
Batting: RHB Domenic Gallard 0-0: Called Strike
0-1: Foul Ball, location: 2F
0-2: Ball
1-2: Ball
2-2: Strikes out swinging
Batting: LHB Alfonso Núñez 0-0: DOUBLE (Flyball, 9LM)
Clarros Ramada to third
Runner from 3rd tries for Home, SAFE, throw made home
Batting: RHB José Carlos Ramos 0-0: Called Strike
0-1: Foul Ball, location: 2F
0-2: Foul Ball, location: 2F
0-2: Ground out 6-3 (Groundball, 6)
Batting: RHB Jean Chamissa 0-0: Ball
1-0: Ball
2-0: Ball
3-0: Called Strike
3-1: Ground out 5-3 (Groundball, 5)
Top of the 1st over - 1 run(s), 2 hit(s), 0 error(s), 1 left on base; Billings 1 - Salem 0
BOTTOM OF THE 1ST
Salem Misfits batting - Pitching for Billings Polar Bears : RHP Jesús Rivera
Pitching: RHP Jesús Rivera
Batting: SHB Alonso Márquez 0-0: Ball
1-0: Ground out 4-3 (Groundball, 4)
Batting: LHB Micheal Garren 0-0: Ball
1-0: Called Strike
1-1: Ball
2-1: Ball
3-1: Fly out, F9 (Flyball, 9LM)
Batting: LHB Nathan Tanner 0-0: Called Strike
0-1: Ball
1-1: Ball
2-1: Ball
3-1: Base on Balls
Batting: LHB Júlio Valentín 0-0: Ball
1-0: Ball
2-0: Called Strike
2-1: SINGLE (Groundball, 34D)
Nathan Tanner to second
Runner from 2nd tries for 3rd, SAFE, no throw or cutoff
Batting: RHB Steve Duncan 0-0: Ball
1-0: Foul Ball, location: 2F
1-1: Ball
2-1: Foul Ball, location: 2F
2-2: Strikes out swinging
Bottom of the 1st over - 0 run(s), 1 hit(s), 0 error(s), 2 left on base; Billings 1 - Salem 0
TOP OF THE 2ND
Billings Polar Bears batting - Pitching for Salem Misfits : RHP Jim Unknown
Batting: RHB Ulbert Sutkamp 0-0: Ball
1-0: Called Strike
1-1: Ball
2-1: Ball
3-1: Ground out 5-3 (Groundball, 5S)
Batting: LHB Mario Cruz 0-0: Called Strike
0-1: Foul Ball, location: 2F
0-2: Strikes out looking
Batting: RHB Rubén Marino 0-0: Called Strike
0-1: Ball
1-1: Foul Ball, location: 2F
1-2: Fly out, F8 (Flyball, 8RS)
Top of the 2nd over - 0 run(s), 0 hit(s), 0 error(s), 0 left on base; Billings 1 - Salem 0
BOTTOM OF THE 2ND
Salem Misfits batting - Pitching for Billings Polar Bears : RHP Jesús Rivera
Batting: SHB Joe Werner 0-0: Called Strike
0-1: Ball
1-1: Ground out U3 (Groundball, 3L)
Batting: RHB Jim Unknown 0-0: Ball
1-0: Ball
2-0: Ball
3-0: Called Strike
3-1: Swinging Strike
3-2: Base on Balls
Batting: RHB Jim Unknown 0-0: Ground out 5-3 (Groundball, 5S)
Jim Unknown to second
Batting: RHB Jim Unknown 0-0: Ball
1-0: Ball
2-0: Called Strike
2-1: Called Strike
2-2: Fly out, F9 (Flyball, 89XD)
Bottom of the 2nd over - 0 run(s), 0 hit(s), 0 error(s), 1 left on base; Billings 1 - Salem 0
TOP OF THE 3RD
Billings Polar Bears batting - Pitching for Salem Misfits : RHP Jim Unknown
Batting: LHB Eduardo Álvarez 0-0: Foul Ball, location: 2F
0-1: Ball
1-1: Foul Ball, location: 2F
1-2: Strikes out swinging
Batting: RHB Clarros Ramada 0-0: Foul Ball, location: 2F
0-1: Ball
1-1: Foul Ball, location: 2F
1-2: Ground out 1-3 (Groundball, 15S)
Batting: RHB Domenic Gallard 0-0: Foul Ball, location: 2F
0-1: Called Strike
0-2: Ball
1-2: SINGLE (Groundball, 34D)
Batting: LHB Alfonso Núñez 0-0: Ground out U3 (Groundball, 3S)
Top of the 3rd over - 0 run(s), 1 hit(s), 0 error(s), 1 left on base; Billings 1 - Salem 0
BOTTOM OF THE 3RD
Salem Misfits batting - Pitching for Billings Polar Bears : RHP Jesús Rivera
Batting: SHB Alonso Márquez 0-0: Called Strike
0-1: Ball
1-1: Swinging Strike
1-2: Strikes out looking
Batting: LHB Micheal Garren 0-0: Ball
1-0: Swinging Strike
1-1: Ball
2-1: Foul Ball, location: 2F
2-2: Ball
3-2: Foul Ball, location: 2F
3-2: Foul Ball, location: 2F
3-2: Base on Balls
Batting: LHB Nathan Tanner 0-0: Ball
1-0: Ball
2-0: Called Strike
2-1: Fly out, F9 (Line Drive, 9M)
Batting: LHB Júlio Valentín 0-0: Called Strike
Micheal Garren steals 2nd base
0-1: SINGLE (Line Drive, 8RS)
Micheal Garren to third
Runner from 3rd tries for Home, SAFE, no throw or cutoff
Batting: RHB Steve Duncan 0-0: Called Strike
0-1: Called Strike
0-2: Ball
1-2: Ball
2-2: Ball
3-2: Ground out 1-3 (Groundball, 15)
Bottom of the 3rd over - 1 run(s), 1 hit(s), 0 error(s), 1 left on base; Billings 1 - Salem 1
TOP OF THE 4TH
Billings Polar Bears batting - Pitching for Salem Misfits : RHP Jim Unknown
Batting: RHB José Carlos Ramos 0-0: Ball
1-0: Called Strike
1-1: Ball
2-1: SINGLE (Groundball, 2L) (infield hit)
Batting: RHB Jean Chamissa 0-0: SINGLE (Line Drive, 7LS)
José Carlos Ramos to second
Batting: RHB Ulbert Sutkamp 0-0: DOUBLE (Flyball, 89XD)
José Carlos Ramos scores
Jean Chamissa to third
Batting: LHB Mario Cruz 0-0: Called Strike
0-1: Fly out, F8 (Flyball, 8LS)
Runner from 3rd tags up, SCORES, throw made
Batting: RHB Rubén Marino 0-0: Reached on error, E5 (Groundball, 56)
Ulbert Sutkamp to third
Batting: LHB Eduardo Álvarez 0-0: Ball
1-0: Ball
2-0: Called Strike
2-1: Fielders Choice at 2nd, 6-4 (Groundball, 6)
Ulbert Sutkamp scores
Batting: RHB Clarros Ramada 0-0: Ball
1-0: Called Strike
1-1: Ball
Eduardo Álvarez steals 2nd base
2-1: Foul Ball, location: 2F
2-2: Ball
3-2: Fly out, F4 (Popup, 89S)
Top of the 4th over - 3 run(s), 3 hit(s), 1 error(s), 1 left on base; Billings 4 - Salem 1
BOTTOM OF THE 4TH
Salem Misfits batting - Pitching for Billings Polar Bears : RHP Jesús Rivera
Batting: SHB Joe Werner 0-0: SINGLE (Line Drive, 6D)
Batting: RHB Jim Unknown 0-0: Ball
1-0: Swinging Strike
1-1: Swinging Strike
1-2: Strikes out swinging
Batting: RHB Jim Unknown 0-0: Ball
1-0: Ball
2-0: Called Strike
2-1: Ball
3-1: Called Strike
3-2: Base on Balls
Joe Werner to second
Batting: RHB Jim Unknown 0-0: Foul Ball, location: 2F
0-1: Called Strike
0-2: Foul Ball, location: 2F
0-2: Ball
1-2: Fly out, F3 (Line Drive, 3)
1-2: Lined into DP, U3 (Line Drive, 3)
Bottom of the 4th over - 0 run(s), 1 hit(s), 0 error(s), 1 left on base; Billings 4 - Salem 1
TOP OF THE 5TH
Billings Polar Bears batting - Pitching for Salem Misfits : RHP Jim Unknown
Batting: RHB Domenic Gallard 0-0: Ball
1-0: Ball
2-0: Ball
3-0: Called Strike
3-1: Base on Balls
Batting: LHB Alfonso Núñez 0-0: Fly out, F8 (Flyball, 89M)
Batting: RHB José Carlos Ramos 0-0: Foul Ball, location: 2F
0-1: Swinging Strike
0-2: Grounds into double play, 6-4-3 (Groundball, 6)
Top of the 5th over - 0 run(s), 0 hit(s), 0 error(s), 0 left on base; Billings 4 - Salem 1
BOTTOM OF THE 5TH
Salem Misfits batting - Pitching for Billings Polar Bears : RHP Jesús Rivera
Batting: SHB Alonso Márquez 0-0: Ground out 1-3 (Groundball, 15)
Batting: LHB Micheal Garren 0-0: Foul Ball, location: 2F
0-1: Called Strike
0-2: Ball
1-2: Ball
2-2: Fly out, F8 (Flyball, 78S)
Batting: LHB Nathan Tanner 0-0: Called Strike
0-1: Swinging Strike
0-2: Ball
1-2: Strikes out swinging
Bottom of the 5th over - 0 run(s), 0 hit(s), 0 error(s), 0 left on base; Billings 4 - Salem 1
TOP OF THE 6TH
Billings Polar Bears batting - Pitching for Salem Misfits : RHP Jim Unknown
Batting: RHB Jean Chamissa 0-0: Ball
1-0: Called Strike
1-1: Called Strike
1-2: Foul Ball, location: 2F
1-2: Foul Ball, location: 2F
1-2: Fly out, F8 (Flyball, 8RM)
Batting: RHB Ulbert Sutkamp 0-0: Ball
1-0: Ball
2-0: Ball
3-0: Base on Balls
Batting: LHB Mario Cruz 0-0: Ball
1-0: Ball
2-0: Foul Ball, location: 2F
2-1: Foul Ball, location: 2F
2-2: Ball
3-2: Foul Ball, location: 2F
3-2: Strikes out swinging
Ulbert Sutkamp steals 2nd base
Batter strikes out.
Batting: RHB Rubén Marino 0-0: Foul Ball, location: 2F
0-1: Ball
1-1: Ball
2-1: Foul Ball, location: 2F
2-2: Strikes out swinging
Top of the 6th over - 0 run(s), 0 hit(s), 0 error(s), 1 left on base; Billings 4 - Salem 1
BOTTOM OF THE 6TH
Salem Misfits batting - Pitching for Billings Polar Bears : RHP Jesús Rivera
Batting: LHB Júlio Valentín 0-0: Fly out, F5 (Line Drive, 56)
Batting: RHB Steve Duncan 0-0: Fly out, F8 (Flyball, 8RM)
Batting: SHB Joe Werner 0-0: Ball
1-0: Ball
2-0: Ball
3-0: Called Strike
3-1: Base on Balls
Batting: RHB Jim Unknown 0-0: Called Strike
0-1: Called Strike
0-2: Ball
1-2: Ball
2-2: Strikes out swinging
Bottom of the 6th over - 0 run(s), 0 hit(s), 0 error(s), 1 left on base; Billings 4 - Salem 1
TOP OF THE 7TH
Billings Polar Bears batting - Pitching for Salem Misfits : RHP Jim Unknown
Batting: LHB Eduardo Álvarez 0-0: Ball
1-0: Ground out 5-3 (Groundball, 56)
Batting: RHB Clarros Ramada 0-0: Fly out, F8 (Flyball, 8LXD)
Batting: RHB Domenic Gallard 0-0: Ball
1-0: Called Strike
1-1: Foul Ball, location: 2F
1-2: Strikes out looking
Top of the 7th over - 0 run(s), 0 hit(s), 0 error(s), 0 left on base; Billings 4 - Salem 1
BOTTOM OF THE 7TH
Salem Misfits batting - Pitching for Billings Polar Bears : RHP Jesús Rivera
Batting: RHB Jim Unknown 0-0: Ball
1-0: Ball
2-0: Ground out 5-3 (Groundball, 5S)
Batting: RHB Jim Unknown 0-0: Called Strike
0-1: Ground out 6-3 (Groundball, 6)
Batting: SHB Alonso Márquez 0-0: Ground out 3-1 (Groundball, 3)
Bottom of the 7th over - 0 run(s), 0 hit(s), 0 error(s), 0 left on base; Billings 4 - Salem 1
TOP OF THE 8TH
Billings Polar Bears batting - Pitching for Salem Misfits : RHP Jim Unknown
Batting: LHB Alfonso Núñez 0-0: Ball
1-0: Ball
2-0: Ground out 4-3 (Groundball, 34)
Batting: RHB José Carlos Ramos 0-0: Swinging Strike
0-1: Ball
1-1: Swinging Strike
1-2: SINGLE (Groundball, 4M)
Batting: RHB Jean Chamissa 0-0: DOUBLE (Groundball, 5L)
José Carlos Ramos to third
Runner from 3rd tries for Home, throw and OUT!
Jean Chamissa to third
Batting: RHB Ulbert Sutkamp 0-0: Foul Ball, location: 2F
0-1: Ball
1-1: Foul Ball, location: 2F
1-2: Strikes out swinging
Top of the 8th over - 0 run(s), 2 hit(s), 0 error(s), 1 left on base; Billings 4 - Salem 1
BOTTOM OF THE 8TH
Salem Misfits batting - Pitching for Billings Polar Bears : RHP Jesús Rivera
Batting: LHB Micheal Garren 0-0: Foul Ball, location: 2F
0-1: Foul Ball, location: 2F
0-2: Ball
1-2: Ball
2-2: Ground out 1-3 (Groundball, 25)
Pitching: RHP Juan Martínez
Batting: LHB Nathan Tanner 0-0: Foul Ball, location: 2F
0-1: Ball
1-1: Foul Ball, location: 2F
1-2: Foul Ball, location: 2F
1-2: Foul Ball, location: 2F
1-2: Strikes out swinging
Batting: LHB Júlio Valentín 0-0: Ball
1-0: Called Strike
1-1: Ground out 6-3 (Groundball, 6M)
Bottom of the 8th over - 0 run(s), 0 hit(s), 0 error(s), 0 left on base; Billings 4 - Salem 1
TOP OF THE 9TH
Billings Polar Bears batting - Pitching for Salem Misfits : RHP Jim Unknown
Batting: LHB Mario Cruz 0-0: Called Strike
0-1: Ball
1-1: Ball
2-1: Foul Ball, location: 2F
2-2: Foul Ball, location: 2F
2-2: DOUBLE (Line Drive, 9LS)
Pitching: RHP Jim Unknown
Batting: RHB Rubén Marino 0-0: DOUBLE (Line Drive, 9LM)
Mario Cruz scores
Batting: LHB Eduardo Álvarez 0-0: Ball
1-0: Called Strike
1-1: Ball
2-1: Swinging Strike
2-2: Strikes out swinging
Batting: RHB Clarros Ramada 0-0: Ball
1-0: Ground out 5-3 (Groundball, 56)
Batting: RHB Domenic Gallard 0-0: DOUBLE (Line Drive, 3D)
Rubén Marino scores
Batting: LHB Alfonso Núñez 0-0: Foul Ball, location: 2F
0-1: Ball
1-1: Ball
2-1: Ball
3-1: Fly out, F9 (Flyball, 9S)
Top of the 9th over - 2 run(s), 3 hit(s), 0 error(s), 1 left on base; Billings 6 - Salem 1
BOTTOM OF THE 9TH
Salem Misfits batting - Pitching for Billings Polar Bears : RHP Juan Martínez
Batting: RHB Steve Duncan 0-0: Ball
1-0: Fly out, F6 (Popup, 6M)
Batting: SHB Joe Werner 0-0: Ball
1-0: Ball
2-0: Ball
3-0: Base on Balls
Batting: RHB Jim Unknown 0-0: Called Strike
0-1: Ball
1-1: SINGLE (Line Drive, 56D)
Joe Werner to second
Batting: RHB Jim Unknown 0-0: Called Strike
0-1: Ball
1-1: SINGLE (Groundball, 56)
Joe Werner to third
Jim Unknown to second
Runner from 3rd tries for Home, SAFE, throw made home
Pitching: RHP Mike Russell
Batting: RHB Jim Unknown 0-0: Ball
1-0: Swinging Strike
1-1: Swinging Strike
1-2: Ball
2-2: Fly out, F3 (Line Drive, 3)
Batting: SHB Alonso Márquez 0-0: Ball
1-0: Called Strike
1-1: Swinging Strike
1-2: Hit by Pitch
Jim Unknown to third
Jim Unknown to second
Batting: LHB Micheal Garren 0-0: Foul Ball, location: 2F
0-1: Fly out, F8 (Line Drive, 8RS)
Bottom of the 9th over - 1 run(s), 2 hit(s), 0 error(s), 3 left on base; Billings 6 - Salem 2
This league is powered by Out of the Park Baseball, the baseball management simulation game for PC, Mac and Linux
Friday, October 23rd, 2015 - OOTP Baseball 16.9 Build 39